 Dungeon Crawl Stone Soup version 0.30-a0-760-g5a9884bb7c (webtiles) character file.

Game seed: 13203425014577700919

394 Newt the Cutter (level 6, 0/48 HPs)
             Began as a Demonspawn Gladiator on Feb 11, 2023.
             Was an Initiate of Makhleb.
             Slain by Menkaure (11 damage)
             ... on level 4 of the Dungeon.
             The game lasted 00:04:12 (3063 turns).

Newt the Cutter (Demonspawn Gladiator)              Turns: 3063, Time: 00:04:13

Health: 0/48       AC:  8    Str: 16    XL:     6   Next: 52%
Magic:  6/6        EV: 12    Int: 10    God:    Makhleb [......]
Gold:   230        SH:  4    Dex: 14    Spells: 5/5 levels left

rFire   . . .      SeeInvis .    n - +2 dagger (speed)
rCold   . . .      Faith    .    (no shield)
rNeg    . . .      Spirit   .    b - +0 leather armour
rPois   .          Reflect  .    c - +0 helmet
rElec   .          Harm     .    (no cloak)
rCorr   .          Rampage  .    (no gloves)
Will    .....                    (no boots)
Stlth   +                        (no amulet)
HPRegen 0.28/turn                (no ring)
MPRegen 0.10/turn                (no ring)

@: no status effects
A: claws 2, icemail 1, condensation shield
a: Renounce Religion


You were on level 4 of the Dungeon.
You worshipped Makhleb.
Makhleb was noncommittal.
You visited 2 branches of the dungeon, and saw 5 of its levels.

You collected 230 gold pieces.

Inventory:

Hand Weapons
 a - a +0 rapier of venom
 n - a +2 dagger of speed (weapon)
Missiles
 r - 4 javelins (quivered)
Armour
 b - a +0 leather armour (worn)
 c - a +0 helmet (worn)
Jewellery
 d - a ring of protection from fire
Wands
 o - a wand of paralysis (4)
Scrolls
 g - a scroll of blinking {unknown}
 k - a scroll of butterflies {unknown}
 q - a scroll of enchant armour {unknown}
 s - 3 scrolls of identify
Potions
 e - a potion of flight {unknown}
 f - 3 potions of might
 h - 4 potions of heal wounds
 i - a potion of brilliance {unknown}
 j - a potion of attraction {unknown}
 l - 3 potions of curing
 m - a potion of haste
 p - a potion of mutation


   Skills:
 - Level 4.0 Fighting
 + Level 5.9 Short Blades
 - Level 1.7 Throwing
 - Level 2.6 Dodging


You had 5 spell levels left.
You didn't know any spells.
Your spell library contained the following spells:

 Spells                   Type           Power      Damage    Failure   Level
 Dazzling Flash           Conj/Hex       0%         N/A       80%         3
 Agony                    Necr           0%         N/A       100%        5
 Silence                  Hex/Air        0%         N/A       100%        5


Dungeon Overview and Level Annotations

Branches:
Dungeon (4/15)             Temple (1/1) D:4

Altars:
Ashenzari
Cheibriados
Dithmenos
Gozag
Kikubaaqudgha
Makhleb
Nemelex Xobeh
Qazlal
Ru
Sif Muna
Trog
Wu Jian
Xom
Yredelemnul

Annotations:
D:4 Menkaure


Innate Abilities, Weirdness & Mutations

You have very sharp fingernails.
A meltable icy envelope protects you from harm. (AC +4)
A meltable shield of frost defends you. (SH +4)


Message History

Menkaure is lightly damaged.
Menkaure barely misses you.
You barely miss Menkaure.
Menkaure is lightly damaged.
There are monsters nearby!
There are monsters nearby!
You barely miss Menkaure.
Menkaure is lightly damaged.
The iguana hisses menacingly.
The iguana bites you. Menkaure hits you!
Unknown command.
The ball python attacks as you move away!
The ball python bites you but does no damage.
Menkaure calls on the powers of darkness!
The iguana convulses!
Your body is wracked with pain!
The ball python attacks as you move away!
You block the ball python's attack. The ball python barely misses you.
The ball python attacks as you move away!
The ball python bites you but does no damage.
The ball python bites you but does no damage.
The ball python barely misses you.
You hit the ball python.
You kill the ball python!
Makhleb accepts your kill.
Okay, then.
Throw: 6 javelins
Press: ? - help, Q - select action, (/) - cycle Shift-Dir - straight line, f - Menkaure
Aim: Menkaure (lightly damaged, fast, 75% to hit)
You throw a javelin. The javelin pierces through Menkaure!
Menkaure is heavily damaged.
Menkaure calls on the powers of darkness!
Your body is wracked with pain!
* * * LOW HITPOINT WARNING * * *
Throw: 5 javelins
Press: ? - help, Q - select action, (/) - cycle Shift-Dir - straight line, f/p - Menkaure
Aim: Menkaure (heavily damaged, fast, 75% to hit)
You throw a javelin. The javelin barely misses Menkaure.
The javelin closely misses the iguana.
Menkaure hits you!
You die...

#...>.######
#.... #....(#
#.... #.....#
.......#....
#.....#
.......#....
#.....#
.......#....
#.....#
...[...#....
#.###l#
.......#....
##.# #M#
.......#....
##M.# #@#
.##.........
##.l## #.#
............
#..#####.#
.####...##.#
#.#...#.####
........##.#
#.....l...#
#.##........#
#....#..##..#
#. #.##..####
#....#..#.#
#.##.##..#
........#.#.#
#........# #
.#....#..
..##
###†..#### #


You could see Menkaure (fast) and an iguana.

Vanquished Creatures
  A black bear (D:3)
  Blork the orc (D:4)
  An orc priest (D:4)
  2 orc wizards (D:4)
  3 gnolls (D:2)
  4 adders
  A worm (D:2)
  2 dart slugs (D:1)
  6 orcs
  11 endoplasms
  3 giant cockroaches (D:1)
  7 goblins
  8 hobgoblins
  7 jackals
  7 quokkas
  8 ball pythons
  5 bats
  3 frilled lizards
  6 kobolds
  3 rats
89 creatures vanquished.

Vanquished Creatures (others)
  2 plants
2 creatures vanquished.

Grand Total: 91 creatures vanquished

Notes
Turn   | Place    | Note
-------+----------+-------------------------------------------
     0 | D:1      | Newt the Demonspawn Gladiator began the quest for the Orb.
     0 | D:1      | Reached XP level 1. HP: 16/16 MP: 1/1
   172 | D:1      | Gained mutation: A meltable shield of frost defends you.
                  | (SH +4) [demonic ancestry]
   172 | D:1      | Reached XP level 2. HP: 16/23 MP: 2/2
   409 | D:1      | Gained mutation: You have sharp fingernails. [demonic
                  | ancestry]
   409 | D:1      | Reached XP level 3. HP: 29/29 MP: 3/3
   995 | D:2      | Reached skill level 3 in Short Blades
  1215 | D:2      | Gained mutation: You have very sharp fingernails. [demonic
                  | ancestry]
  1215 | D:2      | Reached XP level 4. HP: 37/37 MP: 4/4
  1670 | D:3      | Found a faded altar of an unknown god.
  1735 | D:3      | Noticed a black bear
  1757 | D:3      | Killed a black bear
  1758 | D:3      | Reached skill level 4 in Short Blades
  1758 | D:3      | Reached XP level 5. HP: 40/42 MP: 5/5
  2046 | D:3      | Reached skill level 5 in Short Blades
  2281 | D:4      | Noticed Blork the orc
  2306 | D:4      | Killed Blork the orc
  2307 | D:4      | Gained mutation: A meltable icy envelope protects you from
                  | harm. (AC +4) [demonic ancestry]
  2307 | D:4      | Reached XP level 6. HP: 29/48 MP: 6/6
  2384 | D:4      | Found a staircase to the Ecumenical Temple.
  2422 | Temple   | Entered the Ecumenical Temple
  2602 | Temple   | Became a worshipper of Makhleb the Destroyer
  3039 | D:4      | Noticed Menkaure
  3063 | D:4      | Slain by Menkaure

Illustrated notes

Levels and vault maps discovered:
D:1:      kennysheep_arrival_forest, layout_basic
D:2:      layout_loops_cross, nicolae_grassy_gnolls
D:3:      corexii_shack_village, layout_rooms, dreamdust_ecumenical_altar_grove
D:4:      layout_loops_cross, minmay_temple_entry_antechambers,
          minmay_increasing_density, uniq_eustachio, uniq_blork_the_orc,
          uniq_menkaure
Temple:   nicolae_temple_bog_church

Skill      XL: |  1  2  3  4  5 |
---------------+----------------+-----
Fighting       | 3 4 |  4.0
Short Blades   | 3 4 5 |  5.9
Throwing       | |  1.7
Dodging        | |  2.6

Action                     |  1- 3 |  4- 6 || total
---------------------------+-------+-------++-------
  Melee: Rapier            |   113 |       ||   113
         Dagger            |    50 |   197 ||   247
         Punch             |       |     1 ||     1
  Throw: Throwing net      |       |     3 ||     3
         Javelin           |       |     4 ||     4
  Evoke: Wand              |       |     1 ||     1
    Use: Scroll            |     4 |     5 ||     9
   Stab: Held in net/web   |       |     3 ||     3
         Sleeping          |       |     1 ||     1
 Armour: Leather armour    |    51 |    27 ||    78
  Dodge: Dodged            |    95 |    42 ||   137
  Block: Other             |    21 |    13 ||    34

Table legend: (Time is in decaauts)
 A = Elapsed time spent in this place.
 B = Non-inter-level travel time spent in this place.
 C = Inter-level travel time spent in this place.
 D = Time resting spent in this place.
 E = Time spent auto-exploring this place.
 F = Levels seen in this place.
 G = Mean time per level.
                   A        B        C        D        E       F      G
               +--------+--------+--------+--------+--------+-----+--------+
         Total |   2953 |   2833 |    120 |    155 |   2137 |   5 |  590.6 |
       Dungeon |   2750 |   2652 |     98 |    155 |   1967 |   4 |  687.5 |
        Temple |    203 |    182 |     21 |      0 |    170 |   1 |  203.0 |
               +--------+--------+--------+--------+--------+-----+--------+

Top non-repeatable levels by time:
     D:1: 880 daAuts
     D:2: 753 daAuts
     D:4: 637 daAuts
     D:3: 478 daAuts
  Temple: 203 daAuts
